[Event "Late-Titled-Tuesday-Blitz-October-24-2023"]
[Site "Chess.com"]
[Date "2023.10.24"]
[Round "8"]
[White "Alexei_Gubajdullin"]
[Black "Krakozia"]
[Result "0-1"]
[WhiteElo "2725"]
[BlackElo "2940"]
[TimeControl "180+1"]
[EndTime "15:26:47 PDT"]
[Termination "Krakozia won on time"]

1. d4 Nf6 2. Nf3 d5 3. Bf4 c5 4.
e3 Nc6 5. Nbd2 Bg4 6. c3 e6 7. Bb5 cxd4 8. exd4 Bd6 9. Bxd6 Qxd6 10. Qa4 O-O 11.
Bxc6 bxc6 12. Ne5 Rfc8 13. Nb3 Bf5 14. Qb4 Ne8 15. Qxd6 Nxd6 16. Nc5 f6 17. Nf3 a5 18. Nd2 e5 19. O-O-O exd4 20. cxd4 Nb5 21. Nb1 Bxb1 22. Kxb1 Re8 23. Rd2 a4 24. a3 Nd6 25. Rc1 Nc4 26. Rdc2 Kf7 27. Ka2 Re7 28. Rd1 g5 29. Nd3 h5 30. Nb4 Re6 31. Rcc1 h4 32. Re1 Rae8 33. Rxe6 Rxe6 34. Rc2 Kg6 35. Nd3 Re4 36. Nc5 Rxd4 37. Nxa4 g4 38. Nc5 h3 39. gxh3 gxh3 40. a4 Rg4 41. b4 Rg2 42. Nd3 Rxh2 43. a5 Rh1 44. a6 h2 45. a7 Ra1+ 46. Kxa1 h1=Q+ 47. Ka2 Qd1 48. Rxc4 Qa4+ 49. Kb2 dxc4 50. Nf4+ Kf5 51. Ne2 Qxb4+ 52. Kc1 Qa3+ 53. Kd1 Qxa7 0-1

[Event "Late-Titled-Tuesday-Blitz-October-24-2023"]
[Site "Chess.com"]
[Date "2023.10.24"]
[Round "8"]
[White "shimastream"]
[Black "BeanScreen"]
[Result "1-0"]
[WhiteElo "2969"]
[BlackElo "2715"]
[TimeControl "180+1"]
[EndTime "15:26:47 PDT"]
[Termination "shimastream won on time"]

1. Nf3 d5 2. c4 d4 3. b4 c5 4. b5 a6 5. a4 axb5 6. cxb5 Qc7 7. g3 e5 8. d3 Nf6 9. Bg2 Bf5 10. Na3 h6 11. O-O Nbd7 12. Nc4 Bd6 13.
a5 O-O 14. b6 Qb8 15. Nxd6 Qxd6 16.
Nh4 Bg4 17. h3 Be6 18. Bxb7 Rxa5 19. Rxa5 Qxb6 20. Qa4 Qxb7 21. g4 e4 22. Ra6 Nd5 23. Qc6 Qxc6 24. Rxc6 exd3 25. exd3 Nb4 26. Rc7 Nxd3 27.
Ng2 c4 28. Nf4 Nxf4 29. Bxf4 Ra8 30. Rb1 c3 31. Rb4 Ra1+ 32. Kh2 g5 33. Rxd4 gxf4 34. Rxc3 Ne5 35. Rxf4 Ng6 36. Rd4 Kg7 37. Kg3 Rg1+ 38. Kh2 Rf1 39. Kg2 Re1 40. f4 Bd5+ 41. Kf2 Rh1 42.
Rxd5 Nxf4 43. Rf5 Rxh3 44. Rc7 Ne6 45. Rcxf7+ Kg8 46. Re7 Ng5 47. Ra5 Kf8 48. Rb7 Rf3+ 49. Kg2 Rf7 50. Rb6 Kg7 51. Raa6 Rf4 52. Rb7+ Rf7 53.
Rxf7+ 1-0

[Event "Late-Titled-Tuesday-Blitz-October-24-2023"]
[Site "Chess.com"]
[Date "2023.10.24"]
[Round "8"]
[White "GoltsevDmitry2000"]
[Black "GlavkonVVS"]
[Result "1-0"]
[WhiteElo "2644"]
[BlackElo "2520"]
[TimeControl "180+1"]
[EndTime "15:26:47 PDT"]
[Termination "GoltsevDmitry2000 won on time"]

1. e4 Nf6 2. e5 Nd5 3. Nc3 Nb6 4. d4 d6 5. exd6 cxd6 6. Nf3 Bg4 7. Be2 g6 8. h3 Bxf3 9. Bxf3 Nc6 10. O-O Bg7 11. Re1 Nxd4 12. Bxb7 Rb8 13. Ba6 O-O 14. Bg5 Ne6 15.
Bh4 Qc7 16. Qd2 Nc4 17. Bxc4 Qxc4 18. Bxe7 Rfe8 19. Qxd6 Rxb2 20. Nd5 Rxc2 21. Bf6 Bf8 22. Qe5 Rd2 23. Rad1 Qxa2 24. Rxd2 Qxd2 25. Bg5 Nxg5 26. Nf6+ Kg7 27. Nxe8+ Kh6 28. Nf6 Bd6 29. Ng4+ Kh5 30. Qe2 Qxe2 31. Rxe2 f5 32. Nf6+ Kh6 33. Ra2 Bc5 34.
Nd7 Bd4 35. Ra4 Ne6 36. Nf8 Bxf2+ 37. Kxf2 Nxf8 38. Rxa7 Ne6 39. Re7 Ng5 40. Ke3 Ne4 41. Kf4 Nf6 42. Ke5 Nh5 43. Ra7 Ng3 44. Kf6 Ne4+ 45.
Kf7 Kg5 46. Kg7 1-0

[Event "Late-Titled-Tuesday-Blitz-October-24-2023"]
[Site "Chess.com"]
[Date "2023.10.24"]
[Round "8"]
[White "Fradi82"]
[Black "whiteglovethief"]
[Result "1/2-1/2"]
[WhiteElo "2358"]
[BlackElo "2520"]
[TimeControl "180+1"]
[EndTime "15:26:47 PDT"]
[Termination "Game drawn by repetition"]

1. e4 e6 2. d4 d5 3. e5 c5 4. Qg4 Nc6 5. Nf3 Qa5+ 6. Nbd2 cxd4 7.
Bd3 Bd7 8. O-O h5 9. Qg3 a6 10. a3 Nge7 11. Re1 g6 12. b4 Nxb4 13. Nb3 h4 14.
Qg4 Qb6 15. axb4 Qxb4 16. Qxd4 Nf5 17. Qxb4 Bxb4 18. Bd2 Be7 19. Nbd4 Nxd4 20. Nxd4 g5 21. Rab1 b6 22. c3 b5 23. Ra1 O-O 24. h3 Rfb8 25. Nf3 a5 26. Bxg5 Bxg5 27. Nxg5 b4 28. cxb4 Rxb4 29. Nf3 a4 30. Reb1 Rxb1+ 31. Rxb1 a3 32. Ra1 a2 33. Nxh4 Ra3 34. Bf1 Ba4 35. Nf3 Bb3 36. Nd2 Bc2 37. f3 d4 38. Kf2 d3 39.
Ke3 Ra5 40. f4 Kg7 41. g4 Ra4 42. Bg2 f5 43. exf6+ Kxf6 44. Be4 e5 45. g5+ Ke6 46. f5+ Kd6 47. g6 Ke7 48. h4 Kf6 49. h5 Kg7 50.
Bf3 Ra7 51. Be4 Ra4 52. Bd5 Rh4 53. Rxa2 Rh3+ 54. Nf3 Bd1 55. Rh2 Rxh2 56. Nxh2 Bxh5 57. Kxd3 Bxg6 58. fxg6 Kxg6 59. Ke4 Kg5 60. Nf3+ Kh6 61. Nxe5 Kg7 62. Kf5 Kf8 63. Kf6 Ke8 64. Nc6 Kf8 65.
Ne5 Ke8 66. Ke6 Kf8 67. Kf6 1/2-1/2

[Event "Late-Titled-Tuesday-Blitz-October-24-2023"]
[Site "Chess.com"]
[Date "2023.10.24"]
[Round "8"]
[White "ATM622"]
[Black "IMSlavin"]
[Result "1-0"]
[WhiteElo "2416"]
[BlackElo "2236"]
[TimeControl "180+1"]
[EndTime "15:26:48 PDT"]
[Termination "ATM622 won by checkmate"]

1. d4 Nc6 2. c4 e5 3. Nf3 d6 4.
g3 Bg4 5. d5 Nce7 6. Bg2 Ng6 7.
O-O Be7 8. Nc3 Qc8 9. Re1 Bh3 10. e4 h6 11. b4 a5 12. b5 b6 13. Nd2 Bxg2 14.
Kxg2 Nf6 15. Nf1 O-O 16. h4 Nh7 17. h5 Nh8 18. f4 exf4 19. gxf4 f5 20. e5 dxe5 21.
fxe5 Bg5 22. e6 Qe8 23. Ng3 Bxc1 24. Rxc1 f4 25. e7 Rf7 26. Nf1 Rxe7 27. d6 cxd6 28. Rxe7 Qxe7 29. Qd5+ Nf7 30. Qxa8+ Nf8 31. Ne4 Ne5 32.
Qd5+ Kh7 33. Qxd6 f3+ 34. Kh3 Qe8 35. Nfg3 Qc8+ 36. Kh2 Ng4+ 37. Kg1 Ne6 38. Rf1 Qxc4 39. Rxf3 Qxa2 40. Qd2 Qb1+ 41. Rf1 Qxb5 42. Qc2 Kg8 43. Qc8+ Kh7 44. Qxe6 Ne3 45. Qg6+ Kg8 46. Nf6+ Kf8 47. Nh7+ Ke7 48. Qxg7+ Kd6 49. Qxh6+ Kc7 50. Rf7+ Kd8 51.
Qd6+ Ke8 52. Qe7# 1-0

[Event "Late-Titled-Tuesday-Blitz-October-24-2023"]
[Site "Chess.com"]
[Date "2023.10.24"]
[Round "8"]
[White "Karacsonyi_Gellert"]
[Black "HamedWafa4"]
[Result "0-1"]
[WhiteElo "2737"]
[BlackElo "2625"]
[TimeControl "180+1"]
[EndTime "15:26:49 PDT"]
[Termination "HamedWafa4 won by resignation"]

1. e4 e5 2. Nf3 Nc6 3. Bb5 a6 4.
Bxc6 dxc6 5. O-O f6 6. d4 exd4 7. Nxd4 c5 8. Nb3 Qxd1 9. Rxd1 Bd7 10. Bf4 O-O-O 11. Nc3 Be6 12. Rxd8+ Kxd8 13. Rd1+ Kc8 14. Nd5 Bxd5 15. Rxd5 b6 16. Rd2 Ne7 17. Nc1 c4 18. Be3 Nc6 19. c3 b5 20. f4 Bd6 21. Kf2 Nb8 22. Kf3 Nd7 23. g4 h5 24. h3 hxg4+ 25. Kxg4 Re8 26. Kf3 Rh8 27. Rh2 g5 28. Ne2 Nf8 29.
Rh1 Ne6 30. fxg5 fxg5 31. Nd4 Nxd4+ 32. cxd4 Rh5 33. e5 Be7 34. Bf2 Kd7 35. d5 g4+ 36. Kxg4 Rxe5 37. Rd1 Re2 38. Bd4 Kd6 39. Bc3 c5 40.
dxc6+ Kxc6 41. Re1 Rxe1 42. Bxe1 Bf6 43. b3 c3 44. Kf5 c2 45. Bd2 Bb2 46. Ke4 c1=Q 47.
Bxc1 Bxc1 48. h4 Kc5 49. Kd3 Kb4 50. Kc2 Bh6 51. h5 Ka3 52. Kb1 b4 53. Ka1 Bg7+ 54.
Kb1 a5 0-1

[Event "Late-Titled-Tuesday-Blitz-October-24-2023"]
[Site "Chess.com"]
[Date "2023.10.24"]
[Round "8"]
[White "Lennis93"]
[Black "dosto07"]
[Result "1-0"]
[WhiteElo "2773"]
[BlackElo "2544"]
[TimeControl "180+1"]
[EndTime "15:26:50 PDT"]
[Termination "Lennis93 won on time"]

1. Nf3 d5 2. g3 Nf6 3. Bg2 Bf5 4. O-O e6 5. c4 c6 6. Qb3 Qb6 7. d3 Nbd7 8. Be3 Bc5 9. Bxc5 Nxc5 10. Qa3 a5 11. Nd4 Bg6 12. Nb3 Nfd7 13. cxd5 cxd5 14. Rc1 Nxb3 15. axb3 f6 16. b4 a4 17. Nc3 O-O 18.
Nxa4 Qb5 19. Nc3 Rxa3 20. Nxb5 Rb3 21. Nd4 Rxb4 22. Nxe6 Rb8 23. Bxd5 Bf7 24. Nf4 Bxd5 25. Nxd5 Rxb2 26. Rc7 Ne5 27. Nf4 Ng6 28. Nh5 Rxe2 29. Rxg7+ Kh8 30. Rxb7 Rbe8 31. Raa7 Ne7 32. Nxf6 Rf8 33. Rxe7 Rxe7 34. Rxe7 Rxf6 35. Re4 h6 36. d4 Kg7 37. f4 Rd6 38. Kf2 Kf6 39. Kf3 Ra6 40. Re5 Ra2 41. h4 Rd2 42. d5 Rd3+ 43.
Kg4 Kg6 44. h5+ Kg7 45. Re7+ Kf6 46. Re6+ Kg7 47. d6 Kf7 48. Rxh6 Kg7 49. Rg6+ Kh7 50.
Kh4 Rd5 51. g4 Rd1 52. f5 Rd2 53. Kg5 Rd4 54. Re6 1-0

[Event "Late-Titled-Tuesday-Blitz-October-24-2023"]
[Site "Chess.com"]
[Date "2023.10.24"]
[Round "8"]
[White "GMKrikor"]
[Black "filipluczak05"]
[Result "0-1"]
[WhiteElo "2810"]
[BlackElo "2647"]
[TimeControl "180+1"]
[EndTime "15:26:52 PDT"]
[Termination "filipluczak05 won by resignation"]

1. Nf3 g6 2. c4 Bg7 3. e4 d6 4. d4 e5 5. dxe5 dxe5 6. Qxd8+ Kxd8 7. Nc3 c6 8. Be3 f6 9. Rd1+ Ke8 10. c5 Bg4 11.
Bc4 Bh6 12. Bxh6 Nxh6 13. Rd6 Bxf3 14. gxf3 Nd7 15. Ke2 Nxc5 16. Rhd1 a5 17. a3 a4 18.
Rxf6 Rf8 19. Rxf8+ Kxf8 20. Ke3 Ke7 21. h3 b5 22. Ba2 g5 23. Rc1 Kd6 24. Rg1 Ne6 25. Bxe6 Kxe6 26. Rxg5 Nf7 27. Rh5 h6 28. f4 exf4+ 29.
Kxf4 Rf8 30. Ke3 Rg8 31. Ne2 Kd6 32. Ng3 Kc7 33. Nf5 Kb6 34. Ng3 Nd6 35. Rxh6 Nc4+ 36.
Kd4 Nxb2 37. Nf5 Nc4 38. e5 Rd8+ 39. Nd6 Nxa3 40. f4 Nc4 41. f5 a3 42. Kc3 a2 43.
Nxc4+ bxc4 44. Kb2 Ra8 45. Ka1 c3 46. Rh4 Kb5 47.
Rg4 c2 48. Rg1 Rd8 49. Kxa2 Rd1 50. Kb2 c1=Q+ 0-1

[Event "Late-Titled-Tuesday-Blitz-October-24-2023"]
[Site "Chess.com"]
[Date "2023.10.24"]
[Round "8"]
[White "lukas_111111"]
[Black "Elsa167"]
[Result "0-1"]
[WhiteElo "2660"]
[BlackElo "2893"]
[TimeControl "180+1"]
[EndTime "15:26:54 PDT"]
[Termination "Elsa167 won on time"]

1. b3 a5 2. Nc3 d5 3. e3 Nf6 4. Bb2 Bf5 5. Nf3 e6 6. Be2 h6 7. O-O c6 8. d4 Bd6 9. Bd3 Nbd7 10. Ne2 Ne4 11. Ne5 O-O 12. Nf4 Qc7 13. Nxd7 Qxd7 14. Be2 a4 15. bxa4 Rxa4 16. Nd3 Rfa8 17. f3 Nf6 18. g4 Bxd3 19. Bxd3 Rxa2 20. Rb1 Qc7 21. Qe2 e5 22. dxe5 Bxe5 23. Bxe5 Qxe5 24. Rxb7 c5 25. f4 Qe6 26. Bf5 Qc6 27. Rfb1 g6 28. R1b6 Qa4 29. Rxf6 Ra1+ 30. Kf2 Rh1 31. Kg2 Qa1 32. Qf2 Qxf6 33. Kxh1 Ra1+ 34. Kg2 gxf5 35. gxf5 Qxf5 36. Qg3+ Kh7 37. Qf3 Qxc2+ 38. Kh3 Qf5+ 39.
Kh4 Rg1 40. Qh5 Qf6+ 41. Kh3 Kg7 42. Qxd5 Qg6 43. Qe5+ Kh7 0-1

[Event "Late-Titled-Tuesday-Blitz-October-24-2023"]
[Site "Chess.com"]
[Date "2023.10.24"]
[Round "8"]
[White "iJueles"]
[Black "Alphafischer2019"]
[Result "0-1"]
[WhiteElo "2467"]
[BlackElo "2606"]
[TimeControl "180+1"]
[EndTime "15:26:55 PDT"]
[Termination "Alphafischer2019 won by checkmate"]

1. d4 Nf6 2. c4 b6 3. Nf3 Bb7 4.
Nc3 e6 5. a3 d5 6. Bg5 Be7 7. e3 h6 8. Bxf6 Bxf6 9. cxd5 exd5 10.
Bb5+ c6 11. Be2 O-O 12. O-O Nd7 13. Rc1 Re8 14. Qa4 b5 15. Qc2 Nb6 16. b3 a5 17.
a4 b4 18. Nb1 Nd7 19. Ne1 Rc8 20. Nd3 Be7 21. Nd2 Qb6 22. Bg4 Rc7 23. Bxd7 Rxd7 24. Nc5 Rc7 25. Nf3 Qa7 26. Ne5 Bd6 27. Ned3 Bc8 28. Ne1 Bg4 29. h3 Bh5 30. Ned3 Bg6 31. Qe2 Bh7 32. Qf3 Be4 33. Qg4 Bh7 34. Nf4 f5 35. Qf3 Rce7 36. Ncd3 Qd7 37. Nc5 Qc8 38.
Ncd3 Rf7 39. Nxd5 f4 40. exf4 Qf5 41. Ne5 Bxe5 42. Ne3 Qxf4 43. dxe5 Qxf3 44. gxf3 Rxe5 45. Rxc6 Rxf3 46. Rc8+ Kf7 47. Rfc1 Be4 48. R1c7+ Kg6 49. Rg8 Rg5+ 50. Kf1 Kh7 51. Re8 Bd3+ 52. Ke1 Rg1+ 53. Kd2 Bg6 54. Ree7 Rxf2# 0-1

[Event "Late-Titled-Tuesday-Blitz-October-24-2023"]
[Site "Chess.com"]
[Date "2023.10.24"]
[Round "8"]
[White "Karttunen"]
[Black "topin8"]
[Result "0-1"]
[WhiteElo "2568"]
[BlackElo "2469"]
[TimeControl "180+1"]
[EndTime "15:26:57 PDT"]
[Termination "topin8 won by resignation"]

1. d4 Nf6 2. Bg5 e6 3. e4 h6 4. Bxf6 Qxf6 5. Nc3 Bb4 6. Ne2 c5 7. a3 Bxc3+ 8. bxc3 d6 9. f4 e5 10. dxe5 dxe5 11.
f5 O-O 12. Ng3 Qg5 13. Qd2 Qxd2+ 14. Kxd2 Nd7 15. a4 b6 16. Nh5 g6 17. Ng3 Nf6 18.
fxg6 fxg6 19. Bc4+ Kg7 20. h3 Bb7 21. Ke3 h5 22. Bd3 h4 23. Ne2 Rac8 24. c4 Nh5 25. Rhf1 g5 26. Nc3 Nf4 27. Rg1 Rcd8 28. a5 Ra8 29. Rab1 Rf6 30. Nd1 Nh5 31. Nf2 Rf4 32.
Ng4 Ng3 33. axb6 axb6 34. Rxb6 Bxe4 35. Nxe5 Bxd3 36. Rb7+ Kh6 37. Nf7+ Kg6 38. Ne5+ Kf5 39. Nxd3 Re4+ 40. Kd2 Re2+ 41. Kc3 Ra3+ 42. Kb2 Rxd3 43.
Rf7+ Kg6 44. Rc7 Rdd2 45. Rc1 Ne4 46. Rc6+ Kh5 47. Rc8 Rxg2 48. Rh8+ Kg6 49. Re8 Nf6 50. Re6 Kf5 51. Rc6 Ne4 52. Rf1+ Rgf2 53. Rc1 Kf4 54. Rg6 Kg3 55. Re6 Rde2 0-1

[Event "Late-Titled-Tuesday-Blitz-October-24-2023"]
[Site "Chess.com"]
[Date "2023.10.24"]
[Round "8"]
[White "ejalmedina"]
[Black "familijatop71"]
[Result "1-0"]
[WhiteElo "2320"]
[BlackElo "2137"]
[TimeControl "180+1"]
[EndTime "15:27:00 PDT"]
[Termination "ejalmedina won by checkmate"]

1. e4 d5 2. exd5 Qxd5 3. Nc3 Qa5 4. d4 c6 5. Nf3 Nf6 6. Ne5 Nbd7 7. Nc4 Qd8 8. Bf4 Nb6 9. Ne5 Be6 10. Bg3 g6 11.
Be2 Bg7 12. O-O O-O 13. Bf3 Nbd5 14. Ne2 Nd7 15. Nd3 f6 16. c4 N5b6 17. b3 Bf7 18. Qc2 e5 19. dxe5 Nxe5 20. Nxe5 fxe5 21. Rad1 Qe7 22. Nc3 Rad8 23. Ne4 Be6 24. Qc3 Bf5 25. a4 Rd4 26. Rde1 Rfd8 27. Re3 Bh6 28. Re2 Rd3 29.
Qxe5 Qxe5 30. Bxe5 Nd7 31. Bc7 Rc8 32. Bg3 Rxb3 33.
Nd6 Rf8 34. Nxf5 Rxf5 35. Bg4 Rf7 36. Be6 Rb4 37. Bd6 Rxa4 38. Bxf7+ Kxf7 39. Re7+ Kf6 40. Rxd7 Bd2 41. Rxb7 Rxc4 42. Rxa7 c5 43. Rc7 Bb4 44. Rxh7 Rd4 45. Bf8 Rd3 46. Rc7 Rd5 47. g3 Kg5 48.
Kg2 Kg4 49. h3+ Kg5 50. Bg7 Rd2 51. Bf8 Rd5 52. Rc1 Rf5 53. Bxc5 Bxc5 54. R1xc5 Kh6 55. Rxf5 gxf5 56. Rc6+ Kg5 57. f4+ Kh5 58. Rc5 Kg6 59.
Kf3 Kh5 60. g4+ Kh4 61. Rxf5 Kxh3 62. Rh5# 1-0

[Event "Late-Titled-Tuesday-Blitz-October-24-2023"]
[Site "Chess.com"]
[Date "2023.10.24"]
[Round "8"]
[White "MajorCoast"]
[Black "C_K_G"]
[Result "1-0"]
[WhiteElo "2259"]
[BlackElo "1931"]
[TimeControl "180+1"]
[EndTime "15:27:05 PDT"]
[Termination "MajorCoast won on time"]

1. d4 d5 2. Bf4 e6 3. e3 Nf6 4. Bd3 Bd6 5. Bg3 c5 6. c3 Nc6 7. Nd2 c4 8. Bc2 Qc7 9. b3 cxb3 10. axb3 O-O 11. Ngf3 h6 12. O-O e5 13. dxe5 Nxe5 14. Nxe5 Bxe5 15. Bxe5 Qxe5 16. c4 Bg4 17. Qb1 Be2 18.
Re1 Ng4 19. g3 Qh5 20. h4 g5 21. Rxe2 gxh4 22. f3 hxg3 23. fxg4 Qxg4 24. Rg2 h5 25.
Bd1 Qh4 26. Qf5 Rfe8 27. Nf3 Qg4 28. Qxg4+ hxg4 29. Rxg3 Rxe3 30. Rxg4+ Kf8 31. Kf2 Rc3 32. cxd5 Rd8 33. Rd4 a6 34. Be2 Rc2 35. Ke3 Re8+ 36. Re4 Rxe2+ 37. Kxe2 Rxe4+ 38. Kd3 Re8 39. Kd4 Rd8 40.
Kc5 Ke7 41. Re1+ Kf6 42. Nd2 Rc8+ 43. Kd4 Rd8 44. Nc4 Rd7 45. Rf1+ Kg7 46. Kc5 f6 47.
Kb6 Rxd5 48. Kxb7 Rb5+ 49. Kxa6 Rxb3 50. Ka5 Rb8 51. Nb6 Rf8 52. Kb5 f5 53. Kc4 Kg6 54. Nd5 Re8 55. Nf4+ Kg5 56. Nd5 1-0

[Event "Late-Titled-Tuesday-Blitz-October-24-2023"]
[Site "Chess.com"]
[Date "2023.10.24"]
[Round "8"]
[White "UK_23"]
[Black "The_Straightforward_Rook"]
[Result "0-1"]
[WhiteElo "2395"]
[BlackElo "2567"]
[TimeControl "180+1"]
[EndTime "15:27:06 PDT"]
[Termination "The_Straightforward_Rook won by resignation"]

1. e4 e5 2. Nf3 Nc6 3. Bc4 Bc5 4. O-O Nf6 5. d3 a6 6. c3 Ba7 7. Bb3 d6 8. Nbd2 h6 9. Bc2 O-O 10. h3 Ne7 11. Re1 Ng6 12. Nf1 Re8 13. Ng3 c6 14. d4 d5 15. Nxe5 Nxe5 16. dxe5 Rxe5 17. Bf4 Re8 18. Qf3 dxe4 19. Nxe4 Nxe4 20. Rxe4 Be6 21. Qg3 Kh8 22. Rd1 Bd5 23. Rxe8+ Qxe8 24. Be5 f6 25.
Qd3 Qg8 26. Bd4 Bxd4 27. Qxd4 Bxa2 28. Qd7 Bb3 29. Bxb3 Qxb3 30. Rd2 Rg8 31. Kh2 Qb5 32. b4 Qe5+ 33. g3 Qxc3 34. Re2 Qxb4 35. Re7 Qc5 36. Kg2 Qd5+ 37. Qxd5 cxd5 38. Rxb7 Ra8 39. Rd7 a5 40. Rxd5 a4 41. Rd2 a3 42. Ra2 Kh7 43. h4 Kg6 44. Kf3 Kf5 45. Ke3 Kg4 46. Ke2 f5 47. Ke3 Ra4 48. Ke2 f4 49. gxf4 Kxf4 50. h5 Kg5 51. Kf3 Kxh5 52. Kg3 Kg5 53. f3 h5 54. Kf2 Kf4 55. Kg2 g5 56. Kf2 h4 57. Kg2 Ke3 58.
Ra1 a2 59. Kh3 Kxf3 60. Rxa2 g4+ 61. Kxh4 Rxa2 0-1

[Event "Late-Titled-Tuesday-Blitz-October-24-2023"]
[Site "Chess.com"]
[Date "2023.10.24"]
[Round "8"]
[White "MaxLeto"]
[Black "Ali_rastbod"]
[Result "0-1"]
[WhiteElo "2563"]
[BlackElo "2735"]
[TimeControl "180+1"]
[EndTime "15:27:08 PDT"]
[Termination "Ali_rastbod won by resignation"]

1. g4 d5 2. Bg2 Bxg4 3. c4 c6 4. Qb3 Nd7 5. Qxb7 Qc8 6. Qxc8+ Rxc8 7. d4 e6 8. h3 Bf5 9. Nc3 Ngf6 10. Nf3 Bb4 11.
Bd2 O-O 12. Rc1 Nb6 13. cxd5 cxd5 14. Ne5 Nc4 15. Nxc4 Rxc4 16. e3 Rfc8 17. Ke2 a5 18. a3 Be7 19. f3 a4 20. Rhe1 Bg6 21. Bf1 Rb8 22. Nd1 Rxc1 23. Bxc1 Rc8 24. Nc3 Bxa3 25. bxa3 Rxc3 26. Kf2 Bd3 27. Bxd3 Rxd3 28. Ke2 Rb3 29. Bd2 h6 30. Bb4 Rb2+ 31. Kd3 Nh5 32. Rc1 Ng3 33.
Rc8+ Kh7 34. Ra8 Nf5 35. Rxa4 Rb3+ 36. Kd2 Nxe3 37. Ra7 Nc4+ 38. Kc2 Rb2+ 39. Kc3 Kg6 40. a4 Rf2 41. Bc5 Rxf3+ 42. Kb4 Rxh3 43. a5 Ra3 44. a6 Ra1 45. Kb5 h5 46. Ra8 Kh7 47. a7 h4 48. Rf8 h3 49. a8=Q Rxa8 50. Rxa8 g5 51. Ra2 g4 52. Kb4 Kg6 53. Kc3 g3 54.
Ba7 g2 55. Ra1 h2 56. Bb8 h1=Q 57. Ra2 Qc1+ 58. Rc2 Qxc2+ 59. Kxc2 g1=Q 0-1

[Event "Late-Titled-Tuesday-Blitz-October-24-2023"]
[Site "Chess.com"]
[Date "2023.10.24"]
[Round "8"]
[White "HaryKane"]
[Black "IlanSchnaider"]
[Result "0-1"]
[WhiteElo "2511"]
[BlackElo "2749"]
[TimeControl "180+1"]
[EndTime "15:27:08 PDT"]
[Termination "IlanSchnaider won on time"]

1. e4 c5 2. Nf3 d6 3. d4 cxd4 4. Nxd4 Nf6 5. Nc3 a6 6. Bc4 e6 7. Bb3 Nbd7 8. f3 Nc5 9. Be3 Be7 10.
Qd2 b5 11. Nc6 Qc7 12. Nxe7 Qxe7 13. O-O-O Nb7 14. Bf4 e5 15. Bg5 Be6 16. Nd5 Bxd5 17. Bxd5 O-O-O 18. a4 Qc7 19. axb5 axb5 20. Qb4 Qb6 21.
Bxf7 Kc7 22. Rd3 Nc5 23. Rc3 Ra8 24. Kb1 Ra4 25. Rxc5+ dxc5 26. Qc3 Qd6 27. b3 Ra6 28. Be3 Rha8 29. Bc1 b4 30. Qb2 Qd4 31. Qxd4 cxd4 32. Bb2 Nd7 33. Bc4 Ra5 34. f4 Rf8 35. fxe5 Nxe5 36.
Bd5 Nc6 37. Bxc6 Kxc6 38. Bxd4 g6 39. Bb2 Rf2 40. g3 Re2 41. e5 Rc5 42. Rc1 Rxh2 43. Bd4 Rd5 44. c3 bxc3 45. Bxc3 Kd7 46. Re1 Ke6 47. b4 Rd3 48. Rc1 Rd5 49. Bb2 Rb5 50.
Rc4 Rg2 51. g4 h5 52. gxh5 gxh5 53. Ka2 Rg4 54. Rc6+ Kd7 55. Rd6+ Ke7 56. Rh6 h4 0-1

[Event "Late-Titled-Tuesday-Blitz-October-24-2023"]
[Site "Chess.com"]
[Date "2023.10.24"]
[Round "8"]
[White "GianmarcoVaR"]
[Black "egnfanclub"]
[Result "1-0"]
[WhiteElo "2671"]
[BlackElo "2378"]
[TimeControl "180+1"]
[EndTime "15:27:14 PDT"]
[Termination "GianmarcoVaR won by resignation"]

1. e4 e5 2. Nf3 Nc6 3. Bc4 Nf6 4. d3 Bc5 5. O-O d6 6. c3 a5 7. Re1 O-O 8. h3 h6 9. Nbd2 Be6 10. Bb5 Qb8 11.
Nf1 Qa7 12. Be3 Bxe3 13. Nxe3 Ne7 14. Ba4 c6 15. Bc2 Ng6 16. d4 Rad8 17. Kh2 b5 18.
Nf5 Rfe8 19. Qd2 Nf4 20. Rad1 a4 21. a3 Kh7 22. Qe3 g6 23. dxe5 dxe5 24. Nxe5 Qxe3 25. Nxe3 Rxd1 26. Rxd1 Bb3 27. Nxc6 Bxc2 28. Nxc2 Rxe4 29. N6d4 Ne6 30. Nxe6 Rxe6 31. Nd4 Re5 32. Kg1 Ne4 33. Kf1 f5 34. g3 Kg7 35. Nf3 Re7 36. Rd6 Nc5 37.
Nd4 Rb7 38. Rd5 Nd3 39. Ne6+ Kf6 40. Rxd3 Kxe6 41. Rd4 Ke5 42. Rb4 Rb6 43. c4 Kd4 44.
Rxb5 Rc6 45. Rb4 Rxc4 46. Rb6 Rc1+ 47. Kg2 Rc2 48. Rxg6 Rxb2 49. Ra6 Rb3 50. Rxa4+ Ke5 51. Rh4 Rxa3 52. Rxh6 Ra2 53. Rh8 f4 54. Re8+ Kd5 55. g4 Ra3 56. h4 Kd6 57. h5 Kd7 58. Re4 f3+ 59. Kg3 Rb3 60. h6 1-0

[Event "Late-Titled-Tuesday-Blitz-October-24-2023"]
[Site "Chess.com"]
[Date "2023.10.24"]
[Round "8"]
[White "whitemirrorninja"]
[Black "alexrustemov"]
[Result "0-1"]
[WhiteElo "2584"]
[BlackElo "2796"]
[TimeControl "180+1"]
[EndTime "15:27:17 PDT"]
[Termination "alexrustemov won by checkmate"]

1. e4 e6 2. b3 d5 3. Bb2 Nf6 4. e5 Nfd7 5. f4 c5 6. Nf3 Nc6 7. d4 cxd4 8. Nbd2 Bc5 9. Bd3 h6 10. a3 a6 11. b4 Ba7 12. O-O b5 13. Kh1 Nb6 14. Nxd4 Bd7 15. f5 Qg5 16. N2f3 Qh5 17. fxe6 fxe6 18. Nxc6 Bxc6 19. Nd4 Qxd1 20. Bg6+ Kd8 21.
Raxd1 Bd7 22. Rf7 Nc4 23. Ba1 Nxa3 24. Rxg7 Bb6 25. Rf1 Ra7 26. Rff7 Rc7 27. Rxd7+ Rxd7 28. Nxe6+ Kc8 29. Bf5 Rxg7 30. Nxg7+ Kd8 31. e6 Rf8 32. Be5 Nc4 33. Bc3 d4 34. Be1 Nd6 35. Bh4+ Kc7 36.
e7 Rg8 37. Ne6+ Kd7 38. Nf8+ Ke8 39. Ng6 Nxf5 40. Ne5 Nxh4 41. g3 Ng6 42. Ng4 Kxe7 43. Nxh6 Rf8 44. Kg2 a5 45. Ng4 a4 46. h4 a3 47. h5 a2 48. hxg6 a1=Q 49. g7 Rg8 50.
Nh6 Rxg7 51. Nf5+ Kf8 52. Nd6 Qb2 53. Nf5 Qxc2+ 54. Kf3 Qxf5+ 55. Ke2 d3+ 56. Kd2 Rxg3 57. Kc3 Qe5+ 58. Kb3 Qd5+ 59. Kb2 Qd4+ 60. Ka3 Qc3+ 61. Ka2 Rg2+ 62. Kb1 Qb2# 0-1

[Event "Late-Titled-Tuesday-Blitz-October-24-2023"]
[Site "Chess.com"]
[Date "2023.10.24"]
[Round "8"]
[White "sari07"]
[Black "Maluco_do_Natal_00"]
[Result "0-1"]
[WhiteElo "2233"]
[BlackElo "2039"]
[TimeControl "180+1"]
[EndTime "15:27:20 PDT"]
[Termination "Maluco_do_Natal_00 won by checkmate"]

1. Nf3 d5 2. g3 c5 3. Bg2 Nc6 4. O-O e5 5. c4 Nf6 6. cxd5 Nxd5 7.
Nc3 Be6 8. d3 Be7 9. Ng5 Bxg5 10. Bxd5 Bxd5 11. Bxg5 f6 12. Be3 Nd4 13. Nxd5 Qxd5 14.
Bxd4 cxd4 15. Rc1 O-O 16. Rc7 Rf7 17. Qc2 Qxa2 18. Rc8+ Rxc8 19. Qxc8+ Rf8 20. Qxb7 a5 21. Rc1 Qf7 22. Rc7 Qg6 23. Qd5+ Kh8 24. Qxa5 h5 25. Qc5 Ra8 26. h4 Qg4 27. Qc6 Ra1+ 28. Kg2 Qxe2 29. Rc8+ Kh7 30. Qe4+ Qxe4+ 31. dxe4 Rb1 32. Rb8 d3 33.
Rd8 Rxb2 34. Rxd3 Kg6 35. Rc3 Re2 36. Kf3 Rd2 37. Re3 Rd4 38. g4 hxg4+ 39. Kxg4 f5+ 40. Kf3 f4 41. Rb3 Kf6 42. Rb6+ Kf7 43. Kg4 Rxe4 44. Kf5 Re2 45. Rb7+ Kf8 46. Ke6 g6 47. Kf6 Ke8 48.
Rb8+ Kd7 49. Kxg6 Rxf2 50. h5 Rg2+ 51. Kf7 f3 52. h6 f2 53. Rb1 Rg1 54. Rf1 Rxf1 55.
h7 Rh1 56. h8=Q Rxh8 57. Kg7 f1=Q 58. Kxh8 e4 59. Kg7 e3 60. Kh8 e2 61. Kg7 e1=Q 62.
Kg6 Qee2 63. Kg5 Qeg2+ 64. Kh6 Qfh1# 0-1

[Event "Late-Titled-Tuesday-Blitz-October-24-2023"]
[Site "Chess.com"]
[Date "2023.10.24"]
[Round "8"]
[White "Miguelitro69"]
[Black "kinghunter183"]
[Result "1-0"]
[WhiteElo "2281"]
[BlackElo "2081"]
[TimeControl "180+1"]
[EndTime "15:27:22 PDT"]
[Termination "Miguelitro69 won on time"]

1. e4 d5 2. exd5 Qxd5 3. Nc3 Qd8 4. d4 Nf6 5. Bc4 e6 6. Nf3 c6 7. Qe2 Nbd7 8. Bg5 Be7 9. O-O-O Nb6 10. Bb3 Nbd5 11.
Nxd5 cxd5 12. Ne5 O-O 13. Kb1 Bd7 14. h4 a5 15. c3 b5 16. h5 h6 17. Bf4 b4 18. cxb4 axb4 19. g4 Ne4 20. f3 Nd6 21. g5 Bb5 22. Qg2 Bxg5 23. Rhg1 Nf5 24. Qd2 Bxf4 25. Qxf4 Qh4 26. Rg4 Qxh5 27. Rdg1 Kh8 28.
Bc2 b3 29. Bxf5 Qxf5+ 30. Qxf5 bxa2+ 31. Ka1 exf5 32. Rxg7 Ra7 33. R7g3 Rc7 34. Rh3 Kh7 35. Rgh1 Rfc8 36. Rxh6+ Kg7 37. Rh7+ Kf8 38. Rh8+ Ke7 39. Rxc8 Rxc8 40. Re1 Kf6 41. Kxa2 Ra8+ 42. Kb3 Ba4+ 43. Kb4 Bc2 44. Kc5 Rc8+ 45. Kxd5 Rb8 46. Nd7+ Kg5 47.
Nxb8 Kf4 48. Kd6 Kxf3 49. Nc6 Be4 50. Ne5+ Kf4 51. Rf1+ Kg3 52. Nxf7 f4 53. Ne5 Bg2 54. Re1 Kf2 55. Rc1 Be4 56. b4 Ke3 57. b5 Kxd4 58.
b6 f3 59. b7 Bxb7 60. Rd1+ Ke3 61. Nc4+ Ke2 62. Rd2+ Ke1 63. Rb2 f2 64. Ne3 Bf3 65. Rc2 1-0